[Event "11th Dolomiti Open 2020"]
[Site "Forni di Sopra"]
[Date "2020.09.28"]
[Round "3.6"]
[White "Seresin, Francesco"]
[Black "Marchesich, Giovanni"]
[Result "1/2-1/2"]
[ECO "E81"]
[WhiteElo "2371"]
[BlackElo "2063"]
[Annotator "ChessBase"]
[PlyCount "67"]
[EventDate "2020.09.26"]
[EventType "swiss"]
[EventCountry "ITA"]
[SourceTitle "playchess.com"]
[Source "ChessBase"]
[SourceQuality "1"]
[TimeControl "40/5400+30:1800+30"]

1. d4 Nf6 2. c4 g6 3. Nc3 Bg7 4. e4 d6 5. f3 O-O 6. Be3 c5 7. Nge2 Nc6 8. d5 Ne5 9. Ng3 h5 10. Be2 h4 11. Nf1 e6 12. f4 Nxc4 13. Bxc4 b5 14. Bxb5 exd5 15. e5 Ng4 16. Qxd5 Rb8 17. h3 Be6 18. Qd2 Nh6 19. Bd3 Qb6 20. Ne4 Nf5 21. Nf6+ Bxf6 22. exf6 Qxb2 23. Rd1 Rfe8 24. Bxf5 Bxf5 25. Kf2 Qxf6 26. Qxd6 Rb2+ 27. Kg1 Qxd6 28. Rxd6 Rxa2 29. Bxc5 Kh7 30. Ne3 Be4 31. Kh2 Ba8 32. Rhd1 Rxe3 33. Bxe3 Rxg2+ 34. Kh1 1/2-1/2

[Event "11th Dolomiti Open 2020"]
[Site "Forni di Sopra"]
[Date "2020.09.28"]
[Round "3.7"]
[White "Tencati, Giuseppe"]
[Black "Fecker, Noah"]
[Result "0-1"]
[ECO "A59"]
[WhiteElo "2095"]
[BlackElo "2345"]
[Annotator "ChessBase"]
[PlyCount "54"]
[EventDate "2020.09.26"]
[EventType "swiss"]
[EventCountry "ITA"]
[SourceTitle "playchess.com"]
[Source "ChessBase"]
[SourceQuality "1"]
[TimeControl "40/5400+30:1800+30"]

1. d4 Nf6 2. c4 g6 3. g3 c5 4. d5 b5 5. cxb5 a6 6. bxa6 Bxa6 7. Nc3 d6 8. e4 Bxf1 9. Kxf1 Bg7 10. Nf3 O-O 11. Kg2 Nbd7 12. a4 Qb6 13. Qe2 Rfb8 14. Nb5 Ne8 15. Ra3 Nc7 16. Nxc7 Qxc7 17. b3 Rb4 18. Qc2 c4 19. Nd2 c3 20. Nc4 Nc5 21. Be3 Rab8 22. Bxc5 Qxc5 23. Ne3 Rd4 24. Qc1 Rd2 25. Re1 Bd4 26. Kg1 Bxe3 27. fxe3 Qb4 0-1

[Event "11th Dolomiti Open 2020"]
[Site "Forni di Sopra"]
[Date "2020.09.28"]
[Round "3.8"]
[White "Fischer, Daniel"]
[Black "Bordignon, Angelo"]
[Result "0-1"]
[ECO "B90"]
[WhiteElo "2331"]
[BlackElo "2024"]
[Annotator "ChessBase"]
[PlyCount "60"]
[EventDate "2020.09.26"]
[EventType "swiss"]
[EventCountry "ITA"]
[SourceTitle "playchess.com"]
[Source "ChessBase"]
[SourceQuality "1"]
[TimeControl "40/5400+30:1800+30"]

1. e4 c5 2. Nf3 d6 3. d4 cxd4 4. Nxd4 Nf6 5. Nc3 a6 6. Be3 e5 7. Nb3 Be6 8. h3 b5 9. a4 b4 10. Nd5 Nxd5 11. exd5 Bf5 12. a5 Be7 13. Ra4 Bg5 14. Bxg5 Qxg5 15. Rxb4 O-O 16. g4 Bc8 17. h4 Qe7 18. Bg2 f5 19. g5 Nd7 20. Qd2 Ra7 21. Kd1 Rc7 22. f4 exf4 23. Re1 Qf7 24. Qxf4 Ne5 25. Rb6 Qh5+ 26. Kd2 Rc4 27. Nd4 Ng6 28. Qe3 Qg4 29. c3 Qxg2+ 30. Re2 Qxd5 0-1

[Event "11th Dolomiti Open 2020"]
[Site "Forni di Sopra"]
[Date "2020.09.28"]
[Round "3.9"]
[White "Bisignano, Giuseppe"]
[Black "Akhmedov, Alisher"]
[Result "1-0"]
[ECO "B40"]
[WhiteElo "1818"]
[BlackElo "1856"]
[Annotator "NA"]
[PlyCount "59"]
[EventDate "2020.09.26"]
[EventType "swiss"]
[EventCountry "ITA"]
[SourceTitle "playchess.com"]
[Source "ChessBase"]
[SourceQuality "1"]
[TimeControl "40/5400+30:1800+30"]

1. e4 c5 2. Nf3 e6 3. d4 cxd4 4. Nxd4 Nf6 5. Bd3 d6 6. O-O Nc6 7. Nxc6 bxc6 8. Be3 e5 9. c4 Be7 10. Nc3 O-O 11. h3 Be6 12. Qe2 d5 13. exd5 cxd5 14. cxd5 Nxd5 15. Nxd5 Bxd5 16. Rfd1 Qa5 17. Bxh7+ Kxh7 18. Qh5+ Kg8 19. Qxe5 Bf6 20. Rxd5 Bxe5 21. Rxa5 Bxb2 22. Rb1 Bc3 23. Rxa7 Rxa7 24. Bxa7 Be5 25. Rb5 Ra8 26. Rb7 g6 27. g3 Kg7 28. a4 Kf6 29. f4 Rxa7 30. fxe5+ 1-0

[Event "11th Dolomiti Open 2020"]
[Site "Forni di Sopra"]
[Date "2020.09.28"]
[Round "3.10"]
[White "Ranfagni, Stefano"]
[Black "Sirletti, Sonia"]
[Result "1/2-1/2"]
[ECO "E18"]
[WhiteElo "1844"]
[BlackElo "1804"]
[Annotator "NA"]
[PlyCount "41"]
[EventDate "2020.09.26"]
[EventType "swiss"]
[EventCountry "ITA"]
[SourceTitle "playchess.com"]
[Source "ChessBase"]
[SourceQuality "1"]
[TimeControl "40/5400+30:1800+30"]

1. c4 e6 2. g3 d5 3. Bg2 Nf6 4. d4 Be7 5. Nf3 O-O 6. O-O b6 7. cxd5 exd5 8. Nc3 Bb7 9. Bf4 Na6 10. Rc1 c6 11. a3 Nc7 12. Bxc7 Qxc7 13. Ne5 Qd6 14. Re1 Rfe8 15. e4 dxe4 16. Nxe4 Nxe4 17. Bxe4 Rac8 18. Qf3 Qf6 19. Red1 Qf5 20. Qf4 Qxf4 21. Bf3 1/2-1/2

[Event "11th Dolomiti Open 2020"]
[Site "Forni di Sopra"]
[Date "2020.09.29"]
[Round "4.1"]
[White "Blohberger, Felix"]
[Black "Moroni, Luca Jr"]
[Result "1/2-1/2"]
[ECO "C78"]
[WhiteElo "2467"]
[BlackElo "2530"]
[Annotator "ChessBase"]
[PlyCount "34"]
[EventDate "2020.09.26"]
[EventType "swiss"]
[EventCountry "ITA"]
[SourceTitle "playchess.com"]
[Source "ChessBase"]
[SourceQuality "1"]
[TimeControl "40/5400+30:1800+30"]

1. e4 e5 2. Nf3 Nc6 3. Bb5 a6 4. Ba4 Nf6 5. O-O b5 6. Bb3 Bc5 7. a4 Rb8 8. c3 d6 9. d4 Bb6 10. a5 Ba7 11. h3 O-O 12. Be3 Ra8 13. Nbd2 Re8 14. Ng5 Rf8 15. Ngf3 Re8 16. Ng5 Rf8 17. Ngf3 Re8 1/2-1/2

[Event "11th Dolomiti Open 2020"]
[Site "Forni di Sopra"]
[Date "2020.09.29"]
[Round "4.2"]
[White "Gumularz, Szymon"]
[Black "Valsecchi, Alessio"]
[Result "0-1"]
[ECO "A36"]
[WhiteElo "2518"]
[BlackElo "2491"]
[Annotator "ChessBase"]
[PlyCount "57"]
[EventDate "2020.09.26"]
[EventType "swiss"]
[EventCountry "ITA"]
[SourceTitle "playchess.com"]
[Source "ChessBase"]
[SourceQuality "1"]
[TimeControl "40/5400+30:1800+30"]

1. c4 Nf6 2. Nc3 g6 3. e4 d6 4. g3 c5 5. Bg2 Nc6 6. Nge2 Bg7 7. O-O O-O 8. d3 Ne8 9. Be3 Nd4 10. Rb1 Nc7 11. b4 b6 12. Qd2 Bb7 13. Bh6 Bxh6 14. Qxh6 Nce6 15. h4 Kh8 16. h5 Rg8 17. f4 f5 18. hxg6 Rxg6 19. Qh4 Qf8 20. Nxd4 Nxd4 21. Kf2 Qg7 22. Rh1 Rg8 23. bxc5 dxc5 24. Rh3 fxe4 25. dxe4 Bc8 26. f5 Bxf5 27. exf5 Nxf5 28. Qe4 Nxg3 29. Qe3 0-1

[Event "11th Dolomiti Open 2020"]
[Site "Forni di Sopra"]
[Date "2020.09.29"]
[Round "4.3"]
[White "Heberla, Bartlomiej"]
[Black "Cumming, Rhys"]
[Result "1-0"]
[ECO "A16"]
[WhiteElo "2566"]
[BlackElo "2299"]
[Annotator "ChessBase"]
[PlyCount "101"]
[EventDate "2020.09.26"]
[EventType "swiss"]
[EventCountry "ITA"]
[SourceTitle "playchess.com"]
[Source "ChessBase"]
[SourceQuality "1"]
[TimeControl "40/5400+30:1800+30"]

1. c4 Nf6 2. Nc3 g6 3. e4 e5 4. Nf3 Bg7 5. Nxe5 O-O 6. Nf3 Re8 7. d3 d5 8. cxd5 Nxd5 9. Bd2 Bg4 10. a3 Nc6 11. Be2 Bxf3 12. Bxf3 Nxc3 13. Bxc3 Nd4 14. O-O Qd6 15. g3 Rad8 16. Bg2 Ne6 17. Bxg7 Kxg7 18. Qa4 Nc5 19. Qc2 Nxd3 20. Rfd1 Qc5 21. Qe2 Ne5 22. Rac1 Qb6 23. Rd2 c6 24. Rcd1 Kg8 25. h3 Rxd2 26. Qxd2 Qb3 27. Qe2 b5 28. Bf1 Nc4 29. Rc1 Re6 30. Rc2 h5 31. Qd3 Qxd3 32. Bxd3 Ne5 33. Be2 h4 34. gxh4 Rd6 35. f4 Nd7 36. Kf2 Nb6 37. Ke3 f5 38. e5 Nd5+ 39. Kf3 Re6 40. Rd2 a6 41. Bd1 Re8 42. Bb3 Rd8 43. Rc2 Kg7 44. Rxc6 Ne7 45. Rd6 Rxd6 46. exd6 Nc6 47. Bd5 Nb8 48. Ke3 Kf8 49. Kd4 Nd7 50. Bb7 a5 51. Bc6 1-0

[Event "11th Dolomiti Open 2020"]
[Site "Forni di Sopra"]
[Date "2020.09.29"]
[Round "4.4"]
[White "Fecker, Noah"]
[Black "Bellia, Fabrizio"]
[Result "0-1"]
[ECO "C88"]
[WhiteElo "2345"]
[BlackElo "2421"]
[Annotator "ChessBase"]
[PlyCount "92"]
[EventDate "2020.09.26"]
[EventType "swiss"]
[EventCountry "ITA"]
[SourceTitle "playchess.com"]
[Source "ChessBase"]
[SourceQuality "1"]
[TimeControl "40/5400+30:1800+30"]

1. e4 e5 2. Nf3 Nc6 3. Bb5 a6 4. Ba4 Nf6 5. O-O Be7 6. Re1 b5 7. Bb3 d6 8. a4 Rb8 9. axb5 axb5 10. c3 O-O 11. h3 Bd7 12. d4 Ra8 13. Rxa8 Qxa8 14. Nbd2 h6 15. Nf1 Re8 16. Ng3 Bf8 17. Nh4 Na5 18. Bc2 g6 19. Qf3 Nh7 20. Qd3 Nc4 21. b3 Na3 22. Bd1 exd4 23. cxd4 b4 24. Be3 Qa5 25. Nf3 Bg7 26. Qd2 h5 27. Be2 Bb5 28. Bf4 Bxe2 29. Qxe2 Nb5 30. Qc4 Nc3 31. e5 d5 32. Qc6 Re6 33. Qd7 c5 34. Qc8+ Bf8 35. Bh6 Qa6 36. Qd8 Qb6 37. Qxb6 Rxb6 38. Bxf8 Nxf8 39. dxc5 Rc6 40. Nd4 Rxc5 41. Ra1 Ne6 42. Ra8+ Kg7 43. Nxe6+ fxe6 44. Kf1 d4 45. Rd8 Ra5 46. Ke1 h4 0-1

[Event "11th Dolomiti Open 2020"]
[Site "Forni di Sopra"]
[Date "2020.09.29"]
[Round "4.5"]
[White "Barp, Alberto"]
[Black "Bordignon, Angelo"]
[Result "1-0"]
[ECO "A58"]
[WhiteElo "2377"]
[BlackElo "2024"]
[Annotator "ChessBase"]
[PlyCount "75"]
[EventDate "2020.09.26"]
[EventType "swiss"]
[EventCountry "ITA"]
[SourceTitle "playchess.com"]
[Source "ChessBase"]
[SourceQuality "1"]
[TimeControl "40/5400+30:1800+30"]

1. d4 Nf6 2. c4 c5 3. d5 b5 4. cxb5 a6 5. bxa6 g6 6. Nc3 Bg7 7. e4 O-O 8. Nf3 d6 9. Be2 Bxa6 10. O-O Qb6 11. Re1 Nbd7 12. h3 Rfb8 13. Bxa6 Qxa6 14. e5 dxe5 15. Nxe5 Nxe5 16. Rxe5 Qd6 17. Re2 Rb7 18. a4 Qa6 19. Ra3 Qc4 20. Be3 Ne8 21. Rc2 Nd6 22. Nb5 Qh4 23. Bxc5 Nxb5 24. axb5 Rxa3 25. Bxa3 Bd4 26. Qe2 Kg7 27. b3 Rd7 28. b6 Qf6 29. Rc6 Qf5 30. Bc5 Qxd5 31. Bxd4+ Qxd4 32. Rc7 Qa1+ 33. Kh2 Rd1 34. Qxe7 Rh1+ 35. Kg3 Qd4 36. Qxf7+ Kh6 37. Qf8+ Kh5 38. Rxh7+ 1-0

[Event "11th Dolomiti Open 2020"]
[Site "Forni di Sopra"]
[Date "2020.09.29"]
[Round "4.6"]
[White "Bucher, Grant W"]
[Black "Basso, Pier Luigi"]
[Result "0-1"]
[ECO "B11"]
[WhiteElo "2119"]
[BlackElo "2603"]
[Annotator "ChessBase"]
[PlyCount "60"]
[EventDate "2020.09.26"]
[EventType "swiss"]
[EventCountry "ITA"]
[SourceTitle "playchess.com"]
[Source "ChessBase"]
[SourceQuality "1"]
[TimeControl "40/5400+30:1800+30"]

1. e4 c6 2. Nc3 d5 3. Nf3 Bg4 4. h3 Bxf3 5. Qxf3 e6 6. d4 dxe4 7. Qxe4 Nf6 8. Qd3 Be7 9. g3 Na6 10. a3 Qb6 11. Bg2 Rd8 12. Be3 Qxb2 13. O-O Qb6 14. d5 Nc5 15. Rfb1 Qxb1+ 16. Rxb1 Nxd3 17. dxc6 Nc5 18. cxb7 O-O 19. Bf4 Nxb7 20. Rxb7 Bxa3 21. Rxa7 Bd6 22. Bg5 Be5 23. Bxf6 gxf6 24. Nb5 Rd1+ 25. Bf1 Rc1 26. c4 Rd8 27. Kg2 Rd2 28. Ra3 f5 29. Re3 Bf6 30. Rf3 Rdd1 0-1

[Event "11th Dolomiti Open 2020"]
[Site "Forni di Sopra"]
[Date "2020.09.29"]
[Round "4.7"]
[White "Simonetto, Andrea"]
[Black "Andolfatto, Maria"]
[Result "0-1"]
[ECO "A13"]
[WhiteElo "2195"]
[BlackElo "2002"]
[Annotator "ChessBase"]
[PlyCount "34"]
[EventDate "2020.09.26"]
[EventType "swiss"]
[EventCountry "ITA"]
[SourceTitle "playchess.com"]
[Source "ChessBase"]
[SourceQuality "1"]
[TimeControl "40/5400+30:1800+30"]

1. Nf3 d5 2. e3 Nf6 3. c4 e6 4. b3 b6 5. cxd5 exd5 6. Bb5+ Nbd7 7. Bc6 Rb8 8. Nd4 Bc5 9. Bb2 Ba6 10. Nf5 Kf8 11. b4 Bxb4 12. Qa4 Nc5 13. Qxb4 Qd6 14. Qa3 Qxc6 15. d4 Qb5 16. Nc3 Qxb2 17. Qxb2 Nd3+ 0-1

[Event "11th Dolomiti Open 2020"]
[Site "Forni di Sopra"]
[Date "2020.09.29"]
[Round "4.8"]
[White "Marchesich, Giovanni"]
[Black "Fischer, Daniel"]
[Result "1-0"]
[ECO "C78"]
[WhiteElo "2063"]
[BlackElo "2331"]
[Annotator "ChessBase"]
[PlyCount "69"]
[EventDate "2020.09.26"]
[EventType "swiss"]
[EventCountry "ITA"]
[SourceTitle "playchess.com"]
[Source "ChessBase"]
[SourceQuality "1"]
[TimeControl "40/5400+30:1800+30"]

1. e4 e5 2. Nf3 Nc6 3. Bb5 a6 4. Ba4 Nf6 5. O-O b5 6. Bb3 Bc5 7. a4 Rb8 8. Nxe5 Nxe5 9. d4 Bxd4 10. Qxd4 d6 11. f4 Nc6 12. Qc3 Ne7 13. Qd3 O-O 14. Nc3 c5 15. axb5 axb5 16. Nxb5 Nxe4 17. Qxe4 Rxb5 18. Ra7 Bd7 19. Qd3 Nf5 20. Bc4 Rb6 21. Bd2 Be6 22. Bxe6 fxe6 23. Ba5 Qb8 24. Bxb6 Qxb6 25. Qa3 Nd4 26. Qa6 Qxb2 27. Qxd6 Qxc2 28. Qe7 Qg6 29. Qxc5 Ne2+ 30. Kh1 Qh6 31. Qe3 Qh5 32. Ra2 Nxf4 33. Raf2 e5 34. g3 Qh3 35. Qxe5 1-0

[Event "11th Dolomiti Open 2020"]
[Site "Forni di Sopra"]
[Date "2020.09.29"]
[Round "4.9"]
[White "Giorgi, Ezio Alberto"]
[Black "Bisignano, Giuseppe"]
[Result "1-0"]
[ECO "E61"]
[WhiteElo "1752"]
[BlackElo "1818"]
[Annotator "NA"]
[PlyCount "117"]
[EventDate "2020.09.26"]
[EventType "swiss"]
[EventCountry "ITA"]
[SourceTitle "playchess.com"]
[Source "ChessBase"]
[SourceQuality "1"]
[TimeControl "40/5400+30:1800+30"]

1. d4 Nf6 2. Bf4 d6 3. Nf3 g6 4. e3 Bg7 5. h3 O-O 6. c4 c5 7. Nc3 cxd4 8. exd4 Qa5 9. Qd2 Nc6 10. d5 e5 11. Bh6 Bxh6 12. Qxh6 Nd4 13. Bd3 Re8 14. O-O-O Bf5 15. Bxf5 Nxf5 16. Qg5 Kg7 17. g4 e4 18. gxf5 exf3 19. fxg6 hxg6 20. Qf4 Rac8 21. Qd4 Qb4 22. b3 b5 23. Rd3 Re5 24. Rxf3 bxc4 25. Kb2 Nxd5 26. Qxa7 Rc7 27. Qd4 cxb3 28. Qxb4 Nxb4 29. axb3 d5 30. Nb5 Re2+ 31. Ka3 Nc2+ 32. Ka4 Rc5 33. Rc3 Re6 34. b4 Rxc3 35. Nxc3 d4 36. Rc1 d3 37. Rd1 Rd6 38. Kb3 Rd4 39. b5 Kf6 40. f3 Ke5 41. Ne4 Kf4 42. Nc5 Ke3 43. Nxd3 Nb4 44. Nb2 Rf4 45. Nc4+ Ke2 46. Rd2+ Kxf3 47. Kxb4 Re4 48. b6 f5 49. b7 Re8 50. Rd3+ Kg2 51. Ne5 g5 52. Nc6 f4 53. Rd8 Rxd8 54. Nxd8 f3 55. b8=Q f2 56. Qb7+ Kxh3 57. Qf3+ Kh4 58. Qxf2+ Kh3 59. Qg1 1-0

[Event "11th Dolomiti Open 2020"]
[Site "Forni di Sopra"]
[Date "2020.09.29"]
[Round "4.10"]
[White "Ollari, Luca"]
[Black "Ranfagni, Stefano"]
[Result "1/2-1/2"]
[ECO "C69"]
[WhiteElo "1826"]
[BlackElo "1844"]
[Annotator "NA"]
[PlyCount "35"]
[EventDate "2020.09.26"]
[EventType "swiss"]
[EventCountry "ITA"]
[SourceTitle "playchess.com"]
[Source "ChessBase"]
[SourceQuality "1"]
[TimeControl "40/5400+30:1800+30"]

1. e4 e5 2. Nf3 Nc6 3. Bb5 a6 4. Bxc6 dxc6 5. O-O f6 6. d4 exd4 7. Nxd4 c5 8. Nb3 Qxd1 9. Rxd1 Bd6 10. Be3 b6 11. Nc3 Bg4 12. Rd2 O-O-O 13. f3 Be6 14. Rad1 Ne7 15. Na4 Bxb3 16. axb3 Kb7 17. Nc3 Ng6 18. g3 1/2-1/2

[Event "11th Dolomiti Open 2020"]
[Site "Forni di Sopra"]
[Date "2020.09.29"]
[Round "5.1"]
[White "Valsecchi, Alessio"]
[Black "Blohberger, Felix"]
[Result "1-0"]
[ECO "E21"]
[WhiteElo "2491"]
[BlackElo "2467"]
[Annotator "ChessBase"]
[PlyCount "43"]
[EventDate "2020.09.26"]
[EventType "swiss"]
[EventCountry "ITA"]
[SourceTitle "playchess.com"]
[Source "ChessBase"]
[SourceQuality "1"]
[TimeControl "40/5400+30:1800+30"]

1. d4 Nf6 2. c4 e6 3. Nc3 Bb4 4. Nf3 O-O 5. Bg5 h6 6. Bh4 c5 7. Rc1 cxd4 8. Nxd4 a6 9. e3 Nc6 10. Be2 Be7 11. O-O d6 12. Bg3 Bd7 13. Nb3 e5 14. Qd2 Be6 15. Rfd1 Qb6 16. f3 Rfd8 17. Bf2 d5 18. Nxd5 Nxd5 19. e4 Nd4 20. exd5 Bg5 21. f4 Bxf4 22. Bxd4 1-0

[Event "11th Dolomiti Open 2020"]
[Site "Forni di Sopra"]
[Date "2020.09.29"]
[Round "5.2"]
[White "Moroni, Luca Jr"]
[Black "Heberla, Bartlomiej"]
[Result "1/2-1/2"]
[ECO "D36"]
[WhiteElo "2530"]
[BlackElo "2566"]
[Annotator "ChessBase"]
[PlyCount "84"]
[EventDate "2020.09.26"]
[EventType "swiss"]
[EventCountry "ITA"]
[SourceTitle "playchess.com"]
[Source "ChessBase"]
[SourceQuality "1"]
[TimeControl "40/5400+30:1800+30"]

1. d4 Nf6 2. c4 e6 3. Nc3 d5 4. cxd5 exd5 5. Bg5 c6 6. e3 Be7 7. Bd3 Nbd7 8. h3 O-O 9. Qc2 Re8 10. Nf3 Nf8 11. O-O Be6 12. Rab1 N6d7 13. Bxe7 Qxe7 14. b4 Qf6 15. Nd2 Rac8 16. Ne2 Kh8 17. Rbc1 Qe7 18. a3 f6 19. Qb2 Bf7 20. b5 c5 21. dxc5 Nxc5 22. Bb1 Bg6 23. Nf4 Bxb1 24. Qxb1 Nce6 25. Rxc8 Rxc8 26. Nxe6 Nxe6 27. Qd3 Qc5 28. Nb3 Qd6 29. Rd1 Rd8 30. a4 Qb4 31. Nd4 Nxd4 32. Qxd4 Qxd4 33. Rxd4 Kg8 34. Rd2 Kf7 35. Rc2 Ke6 36. Kf1 Kd7 37. Ke2 Re8 38. f3 Rc8 39. Rxc8 Kxc8 40. Kd3 Kc7 41. Kd4 Kd6 42. h4 g6 1/2-1/2

[Event "11th Dolomiti Open 2020"]
[Site "Forni di Sopra"]
[Date "2020.09.29"]
[Round "5.3"]
[White "Bellia, Fabrizio"]
[Black "Barp, Alberto"]
[Result "1/2-1/2"]
[ECO "B10"]
[WhiteElo "2421"]
[BlackElo "2377"]
[Annotator "ChessBase"]
[PlyCount "61"]
[EventDate "2020.09.26"]
[EventType "swiss"]
[EventCountry "ITA"]
[SourceTitle "playchess.com"]
[Source "ChessBase"]
[SourceQuality "1"]
[TimeControl "40/5400+30:1800+30"]

1. e4 c6 2. Nf3 d5 3. d3 dxe4 4. dxe4 Qxd1+ 5. Kxd1 Nf6 6. Nfd2 h5 7. a4 g5 8. f3 g4 9. Nc4 Be6 10. Nbd2 Bh6 11. Nb3 Nbd7 12. Bxh6 Rxh6 13. Nd4 Bxc4 14. Bxc4 e6 15. Ke2 Ne5 16. Bb3 O-O-O 17. c3 c5 18. Nb5 gxf3+ 19. gxf3 a6 20. Na3 Rg6 21. Rhg1 h4 22. Rxg6 Nxg6 23. Rg1 Nh5 24. Rd1 Rxd1 25. Bxd1 Kc7 26. a5 Nhf4+ 27. Ke3 Ng2+ 28. Kf2 N2f4 29. Ke3 Ng2+ 30. Kf2 N2f4 31. Ke3 1/2-1/2

[Event "11th Dolomiti Open 2020"]
[Site "Forni di Sopra"]
[Date "2020.09.29"]
[Round "5.4"]
[White "Andolfatto, Maria"]
[Black "Marchesich, Giovanni"]
[Result "1-0"]
[ECO "D74"]
[WhiteElo "2002"]
[BlackElo "2063"]
[Annotator "ChessBase"]
[PlyCount "51"]
[EventDate "2020.09.26"]
[EventType "swiss"]
[EventCountry "ITA"]
[SourceTitle "playchess.com"]
[Source "ChessBase"]
[SourceQuality "1"]
[TimeControl "40/5400+30:1800+30"]

1. Nf3 Nf6 2. c4 g6 3. g3 Bg7 4. Bg2 O-O 5. Nc3 d5 6. cxd5 Nxd5 7. O-O Nc6 8. d4 e5 9. Nxd5 e4 10. Ne5 Qxd5 11. Nxc6 Qxc6 12. Bf4 Qd5 13. Bxc7 Qxd4 14. Qxd4 Bxd4 15. Bxe4 Re8 16. Bf3 Bxb2 17. Rab1 Be5 18. Bxe5 Rxe5 19. Rfd1 Be6 20. Rxb7 Ra5 21. Rxf7 Kxf7 22. Bxa8 Rxa2 23. e4 Bg4 24. Bd5+ Kf6 25. f3 Bxf3 26. e5+ 1-0

[Event "11th Dolomiti Open 2020"]
[Site "Forni di Sopra"]
[Date "2020.09.29"]
[Round "5.5"]
[White "Basso, Pier Luigi"]
[Black "Fecker, Noah"]
[Result "1-0"]
[ECO "D79"]
[WhiteElo "2603"]
[BlackElo "2345"]
[Annotator "ChessBase"]
[PlyCount "85"]
[EventDate "2020.09.26"]
[EventType "swiss"]
[EventCountry "ITA"]
[SourceTitle "playchess.com"]
[Source "ChessBase"]
[SourceQuality "1"]
[TimeControl "40/5400+30:1800+30"]

1. d4 Nf6 2. Nf3 g6 3. g3 Bg7 4. Bg2 O-O 5. O-O d5 6. c4 c6 7. cxd5 cxd5 8. Nc3 Ne4 9. Ne5 Nxc3 10. bxc3 Nc6 11. Nxc6 bxc6 12. Qa4 Qb6 13. Ba3 Qa6 14. Qxa6 Bxa6 15. Rfb1 Rfe8 16. Bf1 Bf8 17. e3 Bxf1 18. Kxf1 Reb8 19. Bc5 e6 20. Rxb8 Rxb8 21. Bxa7 Rb7 22. Bc5 Bxc5 23. dxc5 Rb5 24. a4 Rxc5 25. a5 Rb5 26. c4 Rb8 27. Ke2 Kf8 28. Kd3 Ke7 29. a6 Kd6 30. cxd5 exd5 31. e4 Ra8 32. exd5 Kxd5 33. Ra5+ Kd6 34. Kc4 h5 35. a7 Kc7 36. Kc5 Kb7 37. h4 Kc7 38. Ra1 Kb7 39. Ra2 Kc7 40. Re2 Rxa7 41. Re7+ Kb8 42. Rxa7 Kxa7 43. Kxc6 1-0

[Event "11th Dolomiti Open 2020"]
[Site "Forni di Sopra"]
[Date "2020.09.29"]
[Round "5.6"]
[White "Cumming, Rhys"]
[Black "Gumularz, Szymon"]
[Result "1/2-1/2"]
[ECO "E04"]
[WhiteElo "2299"]
[BlackElo "2518"]
[Annotator "ChessBase"]
[PlyCount "67"]
[EventDate "2020.09.26"]
[EventType "swiss"]
[EventCountry "ITA"]
[SourceTitle "playchess.com"]
[Source "ChessBase"]
[SourceQuality "1"]
[TimeControl "40/5400+30:1800+30"]

1. d4 Nf6 2. c4 e6 3. Nf3 d5 4. g3 dxc4 5. Bg2 a6 6. O-O Nc6 7. e3 Rb8 8. Nfd2 e5 9. Bxc6+ bxc6 10. dxe5 Ng4 11. Nxc4 Be6 12. Nbd2 Bb4 13. Qe2 h5 14. f3 Bxd2 15. Bxd2 h4 16. fxg4 hxg3 17. b3 Rxh2 18. Qf3 Rxd2 19. Nxd2 Qxd2 20. Qxg3 Rb4 21. Rf4 Rxf4 22. Qxf4 Bd5 23. Qf2 Qd3 24. e6 Bxe6 25. Rf1 Kf8 26. Qf4 Kg8 27. Kh2 Qe2+ 28. Rf2 Qe1 29. e4 c5 30. Kg2 Kh7 31. Qh2+ Kg8 32. Qf4 Kh7 33. Rf1 Qe2+ 34. Rf2 1/2-1/2

[Event "11th Dolomiti Open 2020"]
[Site "Forni di Sopra"]
[Date "2020.09.29"]
[Round "5.7"]
[White "Bordignon, Angelo"]
[Black "Blake, J Morgan"]
[Result "1/2-1/2"]
[ECO "D36"]
[WhiteElo "2024"]
[BlackElo "1982"]
[Annotator "ChessBase"]
[PlyCount "164"]
[EventDate "2020.09.26"]
[EventType "swiss"]
[EventCountry "ITA"]
[SourceTitle "playchess.com"]
[Source "ChessBase"]
[SourceQuality "1"]
[TimeControl "40/5400+30:1800+30"]

1. d4 d5 2. c4 e6 3. Nc3 Nf6 4. cxd5 exd5 5. Bg5 c6 6. Qc2 Be7 7. e3 Nbd7 8. Bd3 O-O 9. Nge2 Re8 10. Bf4 Nf8 11. h3 Ng6 12. Bh2 Bd6 13. Bxd6 Qxd6 14. g4 Qe7 15. Ng3 Nf4 16. Bf1 b5 17. O-O-O Ng6 18. Bd3 a5 19. g5 Nd7 20. Nf5 Qxg5 21. Rdg1 Qf6 22. h4 Nb6 23. Nxg7 Kxg7 24. h5 b4 25. Nd1 Ba6 26. Bxa6 Rxa6 27. hxg6 hxg6 28. Qe2 Raa8 29. Qg4 Rh8 30. Qg3 a4 31. Qc7 c5 32. dxc5 Rxh1 33. Rxh1 Rc8 34. Qh2 Rxc5+ 35. Kd2 Rc8 36. Ke1 d4 37. Qh7+ Kf8 38. Qh8+ Ke7 39. Qxf6+ Kxf6 40. exd4 Rc2 41. Rh3 Nd5 42. Rd3 Nf4 43. Rf3 g5 44. d5 Re2+ 45. Kf1 Rd2 46. Ke1 Rxd5 47. Ne3 Rc5 48. Kd2 b3 49. axb3 axb3 50. Rg3 Kg6 51. Rg1 f5 52. Ra1 g4 53. Ra6+ Kg5 54. Rb6 Nh3 55. Ke2 f4 56. Nd1 Rc2+ 57. Ke1 g3 58. fxg3 fxg3 59. Rb5+ Kf4 60. Rb4+ Ke5 61. Ne3 g2 62. Nxg2 Rxg2 63. Rxb3 Nf4 64. Kd1 Nd5 65. Kc1 Kd4 66. Rh3 Ne3 67. Rh1 Re2 68. Rh8 Nd5 69. Rd8 Kc4 70. b3+ Kc5 71. Rc8+ Kb4 72. Kd1 Rh2 73. Rb8+ Kc3 74. Ke1 Nb4 75. Kf1 Kxb3 76. Rf8 Nd3 77. Kg1 Ra2 78. Rg8 Kc3 79. Rg2 Ra8 80. Rg7 Kd2 81. Kh2 Ke3 82. Kg3 Ne5 1/2-1/2

[Event "11th Dolomiti Open 2020"]
[Site "Forni di Sopra"]
[Date "2020.09.29"]
[Round "5.8"]
[White "Tencati, Giuseppe"]
[Black "Seresin, Francesco"]
[Result "0-1"]
[ECO "B12"]
[WhiteElo "2095"]
[BlackElo "2371"]
[Annotator "ChessBase"]
[PlyCount "60"]
[EventDate "2020.09.26"]
[EventType "swiss"]
[EventCountry "ITA"]
[SourceTitle "playchess.com"]
[Source "ChessBase"]
[SourceQuality "1"]
[TimeControl "40/5400+30:1800+30"]

1. e4 c6 2. d4 d5 3. e5 Bf5 4. h4 h5 5. Bd3 Bxd3 6. Qxd3 Qa5+ 7. Nd2 e6 8. Ngf3 Ne7 9. O-O Nf5 10. c4 Nd7 11. b3 Rd8 12. Rd1 Be7 13. g3 dxc4 14. Nxc4 Qd5 15. Bg5 f6 16. Bf4 Nf8 17. Qe2 Ng6 18. Rd3 Nxf4 19. gxf4 Rh6 20. Kh2 Rg6 21. Rg1 Rg4 22. Rxg4 hxg4 23. Nfd2 Nxh4 24. Qxg4 f5 25. Qxg7 Kd7 26. Rh3 Qxd4 27. Rxh4 Qxf2+ 28. Kh3 Qxh4+ 29. Kg2 Qxf4 30. Nf3 Qg4+ 0-1